Map: Distant Plane

Players

Ocean - Winner!

  • Race: Terran Terran

Tenonee - Winner!

  • Race: Zerg Zerg
  • League: Diamond

erttyy

  • Race: Terran Terran
  • League: Platinum

McFukitts

  • Race: Protoss Protoss
  • League: Master

VOD

Have the link to the VOD?

Description

Time

  • Played on: July 26, 2016, 7:27 a.m.
  • Length: 8:18
Show
View Real Time Build Order
Export as new Build Order

Ocean Terran - Winner!

Build Orders: Reaper Expand 

Get SALT Encoding   

  12  0:01  SCV  
  13  0:13  SCV  
  14  0:17  Supply Depot  
  14  0:25  SCV  
  15  0:30  Refinery  
  15  0:41  SCV  
  16  0:46  Barracks  
  16  0:53  SCV  
  17  1:05  SCV  
  18  1:17  SCV  
  19  1:32  Orbital Command  
  19  1:33  Reaper  
  20  1:48  Command Center  
  20  1:58  Factory  
  20  1:59  SCV  
  21  2:07  Refinery  
  21  2:13  Barracks Reactor  
  21  2:16  SCV  
  21  2:17  Supply Depot  
  22  2:28  SCV  
  23  2:50  SCV  
  24  3:03  Hellion x2, Barracks Tech Lab  
  28  3:07  Starport  
  28  3:16  Orbital Command  
  27  3:24  Factory  
  27  3:28  Hellion x2  
  31  3:46  SCV  
  31  3:47  SCV  
  33  3:50  Barracks Tech Lab  
  33  3:56  Engineering Bay  
  33  3:57  Raven  
  33  3:58  Refinery  
  35  4:05  Hellion x2  
  39  4:17  Cyclone  
  39  4:20  SCV  
  39  4:21  SCV  
  45  4:25  Missile Turret  
  45  4:29  Mag-Field Accelerator  
  45  4:32  SCV  
  46  4:49  Supply Depot  
  46  4:57  Missile Turret  
  46  5:02  Supply Depot  
  46  5:10  Cyclone, SCV x2  
  46  5:11  Hellion  
  54  5:24  SCV x2  
  54  5:27  Hellion  
  54  5:28  Raven  
  60  5:36  SCV x2  
  62  5:48  SCV x2  
  60  5:57  Missile Turret  
  60  6:00  Hellion  
  62  6:09  Refinery  
  62  6:30  Starport Reactor  
  62  6:43  Supply Depot  
  62  6:44  Supply Depot  
  62  6:46  Factory  
  62  6:58  Factory  
  62  7:05  Missile Turret, Hellion, Cyclone, SCV x2  
  70  7:13  Supply Depot  
  70  7:14  Supply Depot  
  70  7:17  SCV x2  
  70  7:22  Command Center  
  72  7:29  SCV x2  
  74  7:41  Viking x2, Cyclone, SCV x2  
  74  7:43  Factory Tech Lab  
  84  7:52  Factory  
  84  7:53  SCV x2  
  84  7:57  Factory  
  90  8:05  SCV x2  
  96  8:14  Supply Depot  
Show
View Real Time Build Order
Export as new Build Order

Tenonee Zerg - Winner!

Build Orders: Hatch First 

Get SALT Encoding   

  12  0:01  Drone  
  13  0:10  Drone  
  14  0:19  Overlord  
  14  0:37  Drone x3  
  17  0:49  Drone  
  18  0:58  Hatchery  
  18  1:02  Drone  
  18  1:05  Extractor  
  17  1:18  Spawning Pool  
  16  1:23  Drone  
  17  1:34  Drone x2  
  19  1:41  Overlord  
  19  1:56  Drone  
  20  2:06  Metabolic Boost  
  20  2:07  Queen  
  22  2:11  Queen  
  24  2:28  Drone x5  
  29  2:40  Drone x2  
  31  2:51  Drone  
  31  2:52  Drone  
  31  2:55  Overlord  
  33  3:02  Drone  
  34  3:08  Spore Crawler  
  34  3:10  Spore Crawler  
  33  3:12  Zergling x2  
  33  3:13  Zergling x2  
  34  3:22  Zergling x8  
  34  3:23  Zergling x6  
  41  3:31  Queen  
  43  3:35  Overlord  
  42  3:52  Queen  
  42  3:55  Drone x4  
  46  3:56  Drone x3  
  46  3:59  Extractor  
  50  4:14  Lair  
  50  4:15  Drone  
  50  4:16  Extractor, Drone  
  51  4:18  Overlord x2  
  51  4:25  Spine Crawler  
  50  4:36  Queen  
  52  4:49  Drone x4  
  56  4:54  Drone x2  
  56  4:55  Roach Warren  
  57  5:01  Overlord x2  
  57  5:03  Evolution Chamber x2  
  55  5:27  Spire  
  54  5:38  Zerg Ground Armor Level 1, Zerg Melee Weapons Level 1  
  54  5:54  Hatchery  
  53  5:59  Drone x3  
  53  6:00  Drone x2  
  58  6:08  Overseer x2  
  58  6:19  Drone  
  58  6:20  Extractor, Drone x2  
  60  6:35  Extractor  
  60  6:37  Extractor  
  58  6:52  Mutalisk x6  
  70  7:00  Zergling x2  
  70  7:01  Zergling x16  
  79  7:19  Drone  
  68  7:40  Mutalisk  
  68  7:41  Mutalisk x4  
  78  7:49  Zergling x14  
Show
View Real Time Build Order
Export as new Build Order

erttyy Terran 

Build Orders:  

Get SALT Encoding   

  12  0:04  SCV  
  13  0:21  SCV  
  14  0:33  SCV  
  15  0:43  Supply Depot  
  15  1:04  Refinery  
  15  1:05  SCV  
  15  1:07  Refinery  
  15  1:08  Barracks  
  16  1:17  SCV  
  17  1:29  SCV  
  17  1:31  Command Center  
  18  1:41  SCV  
  19  1:53  SCV  
  20  1:58  Factory  
  20  2:05  SCV  
  21  2:18  SCV  
  21  2:20  Supply Depot  
  22  2:25  Engineering Bay  
  22  2:36  SCV  
  23  2:43  Supply Depot  
  22  2:46  Marine  
  23  2:55  Widow Mine  
  21  3:22  SCV  
  22  3:34  SCV  
  23  3:37  Widow Mine  
  25  3:42  Starport, Supply Depot  
  25  3:46  SCV  
  26  4:03  Liberator  
  26  4:06  Supply Depot  
  26  4:10  Supply Depot  
  26  4:18  Supply Depot  
  29  4:46  Widow Mine, Liberator  
  31  4:57  Orbital Command  
  34  5:39  Liberator  
  34  5:58  Widow Mine  
  36  6:07  SCV  
  37  6:19  SCV  
  37  6:22  Liberator  
  38  6:26  Widow Mine  
  40  7:56  Command Center  
Show
View Real Time Build Order
Export as new Build Order

McFukitts Protoss 

Build Orders: Zealot Archon, Dark Templar Rush 

Get SALT Encoding   

  12  0:01  Probe (Chrono Boost)  
  13  0:12  Probe (Chrono Boost)  
  14  0:21  Pylon  
  14  0:22  Probe (Chrono Boost)  
  15  0:40  Gateway  
  15  0:44  Probe (Chrono Boost)  
  16  0:50  Assimilator  
  16  0:54  Probe (Chrono Boost)  
  16  0:55  Assimilator  
  17  1:05  Probe (Chrono Boost)  
  17  1:10  Pylon  
  18  1:17  Probe (Chrono Boost)  
  19  1:28  Probe (Chrono Boost)  
  19  1:29  Cybernetics Core  
  20  1:38  Probe (Chrono Boost)  
  21  1:49  Probe (Chrono Boost)  
  22  2:00  Probe (Chrono Boost)  
  23  2:01  Warp Gate  
  23  2:07  Twilight Council  
  23  2:21  Probe (Chrono Boost)  
  24  2:35  Stalker  
  26  2:56  Robotics Facility  
  26  3:03  Dark Shrine  
  26  3:09  Gateway  
  26  3:30  Gateway  
  26  3:33  Gateway  
  26  3:42  Pylon  
  26  3:48  Mothership Core (Chrono Boost)  
  28  3:54  Immortal  
  30  4:28  Warp Prism  
  32  4:51  Dark Templar x3  
  38  5:00  Pylon  
  38  5:01  Observer  
  38  5:02  Pylon  
  38  5:03  Pylon  
  37  5:16  Archon  
  33  5:29  Stalker  
  35  5:43  Blink  
  29  5:55  Stalker  
  29  5:56  Stalker x3  
  36  6:45  Nexus  
  36  6:49  Pylon  
  35  7:03  Dark Templar  
  35  7:04  Dark Templar  
  35  7:05  Dark Templar  
  27  7:39  Probe (Chrono Boost)  
  27  7:42  Stalker x4  
  34  8:03  Nexus  
  34  8:07  Pylon  
  34  8:09  Assimilator  
  34  8:13  Assimilator  
Tags
 
Add a new tag
Caveats
  • Supply blocks, unpowered buildings, or Contaminate may cause inaccurate times.
  • Supply counts are checked every 10 seconds.